 Dungeon Crawl Stone Soup version 0.32-a0-42-ga30500b4d3 (webtiles) character file.

Game seed: 17967386385993720911

865 Ceno the Conjurer (level 8, -8/48 HPs)
             Began as a Tengu Reaver on Feb 2, 2024.
             Was a Priest of Ru.
             Mangled by Menkaure (17 damage)
             ... on level 5 of the Dungeon.
             The game lasted 00:21:38 (5499 turns).

Ceno the Conjurer (Tengu Reaver)                    Turns: 5499, Time: 00:21:39

Health: -8/48      AC:  3    Str: 13    XL:     8   Next: 3%
Magic:  9/12       EV: 16    Int: 14    God:    Ru [***...]
Gold:   240        SH:  0    Dex: 20    Spells: 5/11 levels left

rFire   . . .        y - +0 long sword
rCold   . . .        (shield unavailable)
rNeg    . . .        b - +0 leather armour
rPois   .            (helmet restricted)
rElec   .            (no cloak)
rCorr   .            (no gloves)
SInv    .            (boots unavailable)
Will    .....        x - amulet of regeneration Stlth
                     (ring unavailable)
HPRegen 1.08/turn    o - +6 ring of dexterity
MPRegen 0.13/turn

%: acrobat
@: attractive, flying
A: beak, talons 3, missing a hand, no stealth, evasive flight, acrobatic
a: Renounce Religion, Draw Out Power


You were on level 5 of the Dungeon.
You worshipped Ru.
Ru was most pleased with you.
You visited 1 branch of the dungeon, and saw 5 of its levels.

You collected 240 gold pieces.

Inventory:

Hand Weapons
 a - a +1 falchion
 y - a +0 long sword (weapon)
Missiles
 c - 27 stones (quivered)
 g - 6 atropa-tipped darts
 i - 5 javelins
 k - a throwing net
Armour
 b - a +0 leather armour (worn)
Jewellery
 o - a +6 ring of dexterity (right hand)
 t - a ring of resist corrosion
 x - an amulet of regeneration (around neck)
Scrolls
 d - 2 scrolls of fear
 e - a scroll of poison {unknown}
 j - a scroll of fog {unknown}
 l - a scroll of teleportation {unknown}
 m - a scroll of enchant weapon
 p - a scroll of immolation {unknown}
 s - a scroll of noise {unknown}
 v - 3 scrolls of identify
 w - a scroll of enchant armour {unknown}
 z - a scroll of blinking {unknown}
Potions
 f - a potion of resistance
 h - 5 potions of curing
 n - a potion of enlightenment {unknown}
 q - a potion of attraction
 r - a potion of invisibility {unknown}
 u - a potion of berserk rage {unknown}


   Skills:
 + Level 4.7 Fighting
 + Level 6.2 Long Blades
 - Level 2.1 Dodging
 - Level 2.0 Spellcasting
 + Level 7.3 Conjurations
 + Level 2.8 Ice Magic


You had 5 spell levels left.
You knew the following spells:

 Your Spells              Type           Power      Damage    Failure   Level
a - Kiss of Death         Conj/Necr      44%        2d8       7%          1
b - Momentum Strike       Conj/Tloc      22%        3d8       10%         2
c - Hailstorm             Conj/Ice       15%        3d6       11%         3

Your spell library contained the following spells:

 Spells                   Type           Power      Damage    Failure   Level
 Sting                    Conj/Alch      44%        1d5       7%          1
 Ensorcelled Hibernation  Hex/Ice        10%        N/A       26%         2
 Mercury Vapours          Alch/Air       2%         N/A       41%         2
 Confusing Touch          Hex            1%         N/A       65%         3
 Passwall                 Erth           1%         N/A       65%         3
 Swiftness                Air            1%         N/A       65%         3
 Dispel Undead            Necr           1%         3d6       96%         4
 Olgreb's Toxic Radiance  Alch           1%         N/A       96%         4


Dungeon Overview and Level Annotations

Branches:
Dungeon (5/15)
 Temple: D:4-7

Altars:
Fedhas
Ru

Shops:
D:1 !

Annotations:
D:4 2 transporters, knightboat's ghost, amateur GnSh
D:5 Menkaure


Innate Abilities, Weirdness & Mutations

You have a beak for a mouth.
You have claws for feet.
You are missing a hand.
You cannot be stealthy.
Your magical flight helps you evade attacks. (EV +4)
You can magically evade attacks while moving or waiting.


Message History

The phantom barely misses you.
You slash the phantom!
You destroy the phantom!
You have reached level 8!
You feel stronger.
Found a scroll of identify.
Menkaure, Prince of Dust comes into view.
Menkaure shouts!
Menkaure blazes with dark energy!
Casting: Hailstorm (dangerous; 11% risk of failure)
Confirm with . or Enter, or press ? or * to list all spells.
You can't see any susceptible monsters within range! (Use Z to cast anyway.)
Casting: Hailstorm (dangerous; 11% risk of failure)
Confirm with . or Enter, or press ? or * to list all spells.
Aiming: Momentum Strike (safe; 10% risk of failure)
Press: ? - help, Dir - move target, f - Menkaure
Aim: Menkaure (85% to hit)
Okay, then.
Menkaure mumbles some strange words.
Menkaure seems to speed up.
You barely miss Menkaure.
Menkaure calls on the powers of darkness!
Your body is wracked with pain!
Menkaure hits you!
You are too injured to fight recklessly!
It was a potion of attraction.
You feel attractive to monsters. Menkaure hits you!
* * * LOW HITPOINT WARNING * * *
You hit Menkaure. You claw Menkaure.
Menkaure is moderately damaged.
Menkaure barely misses you.
You barely miss Menkaure. You claw Menkaure.
Menkaure is heavily damaged.
Menkaure casts a spell at you. Pain shoots through your body!
* * * LOW HITPOINT WARNING * * *
You hit Menkaure but do no damage. You peck Menkaure, but do no damage.
Menkaure is heavily damaged.
Menkaure hits you!
You die...

#..#..............# ##
#................#
##....>...>......# #
#..............## ##
#..............# ##.
#..............###..
#..............##...
#.M............##...
##.#@..........##....
#..#........#..#.....
#.###......##..#.....
#.# ##....###........
#.M...##...###.........
#....?....####
#.........
...#.....#...#
#......... ##
##....###... #.........
##.... #. #.........


You could see Menkaure (fast).

Vanquished Creatures
  A black bear (D:4)
  An ogre (D:5)
  2 phantoms
  A scorpion (D:4)
  2 bombardier beetles
  2 hounds
  A gnoll bouda (D:4)
  An iguana (D:5)
  A sleepcap (D:4)
  Jessica (D:2)
  Robin (D:2)
  5 adders
  7 gnolls
  4 dart slugs
  4 ribbon worms
  8 orcs
  4 ball pythons
  8 endoplasms
  8 giant cockroaches
  16 goblins
  9 hobgoblins
  7 jackals
  5 kobolds
  4 quokkas
  7 bats
  3 frilled lizards
  7 rats
120 creatures vanquished.

Vanquished Creatures (others)
  An orc (D:5)
  A rat (D:2)
2 creatures vanquished.

Grand Total: 122 creatures vanquished

Notes
Turn   | Place    | Note
-------+----------+-------------------------------------------
     0 | D:1      | Ceno the Tengu Reaver began the quest for the Orb.
     0 | D:1      | Reached XP level 1. HP: 12/12 MP: 4/4
   174 | D:1      | Reached XP level 2. HP: 17/17 MP: 6/6
   178 | D:1      | Learned a level 2 spell: Momentum Strike
   295 | D:1      | Reached XP level 3. HP: 22/22 MP: 7/7
   397 | D:1      | Found Giykhloess's Distillery.
   832 | D:1      | Found a faded altar of an unknown god.
   844 | D:1      | Prayed at the altar of an unknown god.
   844 | D:1      | Became a worshipper of Ru the Awakened
   851 | D:1      | Gained mutation: You are missing a hand. [Ru sacrifice]
   851 | D:1      | Reached * piety under Ru
   851 | D:1      | Reached ** piety under Ru
   851 | D:1      | Reached *** piety under Ru
  1465 | D:2      | Reached XP level 4. HP: 12/27 MP: 5/8
  1635 | D:2      | Reached skill level 5 in Conjurations
  1773 | D:2      | Found a blossoming altar of Fedhas.
  1939 | D:2      | Identified the +0 helmet "Ofoxem" {Dex+3}
  1939 | D:2      | Noticed Robin
  1965 | D:1      | Reached XP level 5. HP: 10/32 MP: 9/9
  2082 | D:2      | Killed Robin
  2186 | D:2      | Noticed Jessica
  2191 | D:2      | Killed Jessica
  2857 | D:3      | Learned a level 3 spell: Hailstorm
  2876 | D:3      | Reached skill level 5 in Long Blades
  3591 | D:4      | Found a transporter.
  3594 | D:4      | Found a transporter.
  3595 | D:4      | Noticed knightboat's ghost (amateur GnSh)
  3624 | D:4      | Gained mutation: You cannot be stealthy. [Ru sacrifice]
  3654 | D:4      | Reached skill level 6 in Conjurations
  3654 | D:4      | Reached XP level 6. HP: 9/37 MP: 10/10
  3770 | D:4      | Noticed a black bear
  3892 | D:4      | Reached skill level 1 in Ice Magic
  3911 | D:4      | Killed a black bear
  4067 | D:4      | Gained mutation: Your magical flight helps you evade
                  | attacks. (EV +4) [Tengu growth]
  4067 | D:4      | Reached XP level 7. HP: 42/42 MP: 7/11
  4725 | D:5      | Entered Level 5 of the Dungeon
  5070 | D:5      | Reached skill level 7 in Conjurations
  5476 | D:5      | Reached XP level 8. HP: 35/48 MP: 6/12
  5482 | D:5      | Noticed Menkaure
  5499 | D:5      | Mangled by Menkaure

Illustrated notes

Levels and vault maps discovered:
D:1:      dpeg_arrival_castle, layout_basic, serial_shops,
          nicolae_shop_tiny_waterfront, serial_forest,
          infiniplex_forest_lined_3, infiniplex_forest_clump_large,
          infiniplex_forest_3_way, infiniplex_forest_fountain,
          infiniplex_forest_lined_room_2, infiniplex_forest_end_1,
          infiniplex_forest_straight_4, infiniplex_forest_clump_long,
          chequers_ecumenical_altar_simple_redux
D:2:      layout_basic, basic_altar, uniq_robin, uniq_jessica
D:3:      layout_loops_cross
D:4:      layout_rooms, gammafunk_ghost_mausoleum
D:5:      layout_cave_pods, uniq_menkaure

Skill      XL: |  1  2  3  4  5  6  7 |
---------------+----------------------+-----
Long Blades    | 4 5 6 |  6.2
Conjurations   | 5 6 7 |  7.3
Fighting       | 3 4 |  4.7
Ice Magic      | 1 2 |  2.8
Dodging        | |  2.1
Spellcasting   | |  2.0

Action                     |  1- 3 |  4- 6 |  7- 9 || total
---------------------------+-------+-------+-------++-------
  Melee: Falchion          |    71 |   156 |    20 ||   247
         Peck              |     6 |    21 |     8 ||    35
         Kick              |    17 |    40 |     8 ||    65
         Punch             |     1 |       |       ||     1
         Long sword        |       |       |    22 ||    22
  Throw: Stone             |       |     5 |       ||     5
   Cast: Momentum Strike   |     2 |     2 |     4 ||     8
         Hailstorm         |       |     8 |    27 ||    35
 Invoke: Sacrifice a Hand  |     1 |       |       ||     1
         Sacrifice Stealth |       |     1 |       ||     1
    Use: Scroll            |       |     5 |       ||     5
         Potion            |       |       |     1 ||     1
   Stab: Sleeping          |       |     2 |       ||     2
         Invisible         |       |     1 |       ||     1
         Distracted        |       |       |     1 ||     1
 Armour: Leather armour    |    23 |    80 |    15 ||   118
  Dodge: Dodged            |    35 |    89 |    23 ||   147

Table legend: (Time is in decaauts)
 A = Elapsed time spent in this place.
 B = Non-inter-level travel time spent in this place.
 C = Inter-level travel time spent in this place.
 D = Time resting spent in this place.
 E = Time spent auto-exploring this place.
 F = Levels seen in this place.
 G = Mean time per level.
                   A        B        C        D        E       F      G
               +--------+--------+--------+--------+--------+-----+--------+
         Total |   5521 |   5351 |    170 |   1057 |   2066 |   5 | 1104.2 |
       Dungeon |   5521 |   5351 |    170 |   1057 |   2066 |   5 | 1104.2 |
               +--------+--------+--------+--------+--------+-----+--------+

Top non-repeatable levels by time:
     D:2: 1383 daAuts
     D:1: 1358 daAuts
     D:3: 1005 daAuts
     D:4: 1000 daAuts
     D:5: 774 daAuts
